 Dungeon Sprint DCSS version 0.30-a0-122-g2a1322497e (webtiles) character file.

Game seed: 14810228665351024812

16 mhtbhm the Digger (level 2, -2/15 HPs)
             Began as a Deep Elf Earth Elementalist on Sept 14, 2022.
             Was a Follower of Vehumet.
             Slain by a gnoll
             ... wielding a +0 flail
              (11 damage)
             ... in the Dungeon (Sprint VII: "The Pits") on Sept 15, 2022.
             The game lasted 00:01:33 (229 turns).

mhtbhm the Digger (Deep Elf Earth Elementalist)      Turns: 229, Time: 00:01:33

Health: -2/15      AC:  2    Str:  5    XL:     2   Next: 37%
Magic:  5/9        EV: 13    Int: 19    God:    Vehumet [*.....]
Gold:   0          SH:  0    Dex: 15    Spells: 6/9 levels left

rFire   . . .      SeeInvis .    k - +2 quarterstaff
rCold   . . .      Faith    .    (shield currently unavailable)
rNeg    . . .      Spirit   .    a - +0 robe
rPois   .          Reflect  .    (no helmet)
rElec   .          Harm     .    (no cloak)
rCorr   .          Rampage  .    (no gloves)
Will    .....      NoTele   +    (no boots)
Stlth   ++........               (no amulet)
HPRegen 0.05/turn                (no ring)
MPRegen 0.11/turn                (no ring)

@: very slightly contaminated
A: no striking features
a: Renounce Religion


You were in the Dungeon.
You worshipped Vehumet.
Vehumet was aware of your devotion.
You visited 1 branch

Inventory:

Hand Weapons
 k - a +2 quarterstaff (weapon)
Armour
 a - a +0 robe (worn)
Scrolls
 g - a scroll of blinking
 i - 5 scrolls of amnesia
 j - a scroll of summoning
Potions
 b - 5 potions of magic
 c - a potion of curing
 d - a potion of heal wounds
 e - a potion of haste
 f - 3 potions of berserk rage
 h - 2 potions of invisibility


   Skills:
 + Level 3.0 Dodging
 + Level 2.9 Stealth
 + Level 4.1 Spellcasting
 + Level 1.1 Transmutations
 + Level 5.4 Earth Magic


You had 6 spell levels left.
You knew the following spells:

 Your Spells              Type           Power      Damage    Failure   Level
a - Sandblast             Erth           48%        2d12      1%          1
b - Passwall              Tmut/Erth      13%        N/A       5%          2

Your spell library contained the following spells:

 Spells                   Type           Power      Damage    Failure   Level
 Shock                    Conj/Air       12%        1d3       14%         1
 Stone Arrow              Conj/Erth      28%        3d8       14%         3
 Petrify                  Tmut/Erth      16%        N/A       34%         4


Dungeon Overview and Level Annotations

Branches:
Dungeon (1/1)

Altars:
Ashenzari
Cheibriados
Dithmenos
Elyvilon
Fedhas
Gozag
Hepliaklqana
Kikubaaqudgha
Makhleb
Nemelex Xobeh
Okawaru
Qazlal
Ru
Sif Muna
Trog
Uskayaw
Vehumet
Wu Jian
Xom
Yredelemnul
Zin
The Shining One
Jiyva
Lugonu


Message History

You miscast Sandblast.
You are very lightly contaminated with residual magic.
Nothing appears to happen.
Unknown command.
Unknown command.
Casting: Sandblast (safe; 1% risk of failure)
Confirm with . or Enter, or press ? or * to list all spells.
Aiming: Sandblast (safe; 1% risk of failure)
Press: ? - help, Shift-Dir - straight line, f/p - gnoll
Aim: a gnoll, wielding a +0 flail (85% to hit)
The blast of sand hits the gnoll!
The gnoll is heavily wounded.
The gnoll misses you. The gnoll closely misses you.
Unknown command.
Unknown command.
Casting: Sandblast (safe; 1% risk of failure)
Confirm with . or Enter, or press ? or * to list all spells.
Aiming: Sandblast (safe; 1% risk of failure)
Press: ? - help, Shift-Dir - straight line, f/p - gnoll
Aim: a gnoll, wielding a +0 flail (heavily wounded, 85% to hit)
The blast of sand hits the gnoll.
The gnoll is almost dead.
The gnoll hits you with a +0 flail.
Unknown command.
Unknown command.
Unknown command.
Casting: Sandblast (safe; 1% risk of failure)
Confirm with . or Enter, or press ? or * to list all spells.
Aiming: Sandblast (safe; 1% risk of failure)
Press: ? - help, Shift-Dir - straight line, f/p - gnoll
Aim: a gnoll, wielding a +0 flail (almost dead, 85% to hit)
The blast of sand misses the gnoll.
The blast of sand hits the giant cockroach!
You kill the giant cockroach!
Vehumet accepts your kill.
You can now gain magical power from killing.
Vehumet offers you knowledge of Shock. The gnoll closely misses you.
The gnoll hits you with a +0 flail!
Ouch! That really hurt!
You die...

#_________.#
#_______...###########+
##########'##..........
#.?(.')))'.##......#..#
##########.##..........
#...........'..........
#+#####†#####......#..#
#..#..# #..........
#.Zg@.# ####'#####+
#..#### #.......# #..
#.......# #.. #.......#
##+ #...<...# #.......#
#.......# #.......#
#########


You could see a gnoll and a ball python zombie.

Vanquished Creatures
  An adder (D)
  An ufetubus (D)
  A bat (D)
  A giant cockroach (D)
4 creatures vanquished.

Notes
Turn   | Place    | Note
-------+----------+-------------------------------------------
     0 | D        | mhtbhm the Deep Elf Earth Elementalist began the quest for
                  | the Orb.
     0 | D        | Reached XP level 1. HP: 10/10 MP: 6/6
    13 | D        | Reached skill level 4 in Earth Magic
    36 | D        | Found a bloodstained altar of Trog.
    36 | D        | Found a shimmering blue altar of Sif Muna.
    36 | D        | Found a viscous altar of Jiyva.
    36 | D        | Found a hazy altar of Hepliaklqana.
    36 | D        | Found an opulent altar of Gozag.
    37 | D        | Found a glowing golden altar of the Shining One.
    37 | D        | Found a glowing silver altar of Zin.
    37 | D        | Found a basalt altar of Yredelemnul.
    37 | D        | Found a shimmering altar of Xom.
    37 | D        | Found an ornate altar of the Wu Jian Council.
    37 | D        | Found a sacrificial altar of Ru.
    37 | D        | Found a stormy altar of Qazlal.
    37 | D        | Found an iron altar of Okawaru.
    37 | D        | Found a sparkling altar of Nemelex Xobeh.
    37 | D        | Found a burning altar of Makhleb.
    37 | D        | Found a blossoming altar of Fedhas.
    37 | D        | Found a white marble altar of Elyvilon.
    37 | D        | Found a shadowy altar of Dithmenos.
    37 | D        | Found a snail-covered altar of Cheibriados.
    39 | D        | Found a radiant altar of Vehumet.
    39 | D        | Found a corrupted altar of Lugonu.
    40 | D        | Found a hide-covered altar of Uskayaw.
    40 | D        | Found an ancient bone altar of Kikubaaqudgha.
    40 | D        | Found a broken altar of Ashenzari.
    49 | D        | Became a worshipper of Vehumet
    89 | D        | Upgraded the game from 0.30-a0-121-gb27577e5d9 to
                  | 0.30-a0-122-g2a1322497e
    97 | D        | Reached skill level 5 in Earth Magic
    97 | D        | Reached XP level 2. HP: 15/15 MP: 5/9
   134 | D        | Learned a level 2 spell: Passwall
   229 | D        | Reached * piety under Vehumet
   229 | D        | Offered knowledge of Shock by Vehumet.
   229 | D        | Slain by a gnoll

Illustrated notes

Levels and vault maps discovered:
D:        pitsprint [storerooms_1, entrance_room_1, metal_vault_5, armoury_1,
          mini_pit_1, grid_room_1, main_hall_1, silver_pit, the_coven_3,
          the_vestibule_1, steel_vault_5, golden_pit, hallway_of_sentries,
          crystal_vault_6, iron_vault_2, final_vault]

Skill      XL: |  1 |
---------------+----+-----
Earth Magic    | 5 |  5.4
Dodging        | 3 |  3.0
Spellcasting   | 4 |  4.1
Stealth        | |  2.9
Transmutations | |  1.1

Action                   || total
-------------------------++-------
 Cast: Sandblast         ||     7
Dodge: Dodged            ||     6

Table legend: (Time is in decaauts)
 A = Elapsed time spent in this place.
 B = Non-inter-level travel time spent in this place.
 C = Inter-level travel time spent in this place.
 D = Time resting spent in this place.
 E = Time spent auto-exploring this place.
 F = Levels seen in this place.
 G = Mean time per level.
                   A        B        C        D        E       F      G
               +--------+--------+--------+--------+--------+-----+--------+
         Total |    231 |    231 |      0 |    138 |      0 |   1 |  231.0 |
       Dungeon |    231 |    231 |      0 |    138 |      0 |   1 |  231.0 |
               +--------+--------+--------+--------+--------+-----+--------+

Top non-repeatable levels by time:
       D: 231 daAuts
